 Dungeon Crawl Stone Soup version 0.19.5 (webtiles) character file.

233 equalderp2856 the Scratcher (level 5, -16/24 HPs)
             Began as a Felid Fighter on Mar 20, 2017.
             Killed by divine providence
             ... invoked by an orc priest
              (17 damage)
             ... on level 5 of the Dungeon.
             The game lasted 00:12:20 (5755 turns).

equalderp2856 the Scratcher (Felid Fighter)         Turns: 5755, Time: 00:12:20

Health: -16/24     AC:  1    Str: 13    XL:     5   Next: 75%
Magic:  6/6        EV: 21    Int: 10    God:
Gold:   149        SH:  0    Dex: 15    Spells: 0 memorised, 4 levels left
                                        Lives:  0   Deaths: 1

rFire  x . .     SeeInvis +       - Unarmed
rCold  + . .     Gourm    .     (armour unavailable)
rNeg   . . .     Faith    .     (shield unavailable)
rPois  .         Spirit   .     (helmet unavailable)
rElec  .         Reflect  .     (cloak unavailable)
rCorr  .         Harm     .     (gloves unavailable)
MR     .....                    (boots unavailable)
Stlth  +++.......               (no amulet)
                                q - ring of ice
                                (no ring)

@: quick
A: no armour, no weapons or thrown items, stealth, claws 1, fangs 3, see
invisible, carnivore 3, speed 1, shaggy fur 1, slow metabolism 1, sharp paws
a: no special abilities


You were on level 5 of the Dungeon.
You were not hungry.

You visited 1 branch of the dungeon, and saw 5 of its levels.

You collected 149 gold pieces.

Inventory:

Missiles
 r - 21 arrows
Jewellery
 q - a ring of ice (right paw)
 s - an uncursed ring of loudness
Wands
 h - a wand of polymorph (5/24)
Scrolls
 e - a scroll of fog
 j - a scroll of teleportation {unknown}
 k - 5 scrolls of identify {unknown}
 l - a scroll of recharging {unknown}
 n - 2 scrolls of enchant weapon {unknown}
 o - a scroll of immolation {unknown}
 p - 2 scrolls of noise {unknown}
Potions
 a - a potion of might
 c - a potion of curing
 i - a potion of flight {unknown}
Comestibles
 b - 2 meat rations
 d - a slice of pizza
 f - 5 fruits
 m - a bread ration


   Skills:
 + Level 3.3 Fighting
 + Level 5.7 Dodging
 + Level 2.7 Stealth
 + Level 6.3 Unarmed Combat


You had 4 spell levels left.
You didn't know any spells.

Dungeon Overview and Level Annotations

Branches:
Dungeon (5/15)
 Temple: D:4-7

Altars:
Kikubaaqudgha
Uskayaw

Portals:
Ossuary: D:5


Innate Abilities, Weirdness & Mutations

You cannot wear armour.
You are incapable of wielding weapons or throwing items.
Your paws allow you to move quietly. (Stealth)
You have sharp claws.
You have razor-sharp teeth.
You have supernaturally acute eyesight. (SInv)
You are carnivorous and can eat meat at any time.
You cover ground quickly.
You are covered in fur. (AC +1)
You have a slow metabolism.
Your sharp claws are effective at attacking unaware monsters.


Message History

An ogre comes into view. It is wielding a giant club.
An orc comes into view. It is wielding a war axe.
An orc and an orc priest come into view.
The orc is wielding a flail of protection.
The ogre shouts!
You open the door.
The orc priest mumbles some strange prayers to Beogh against you.
Beogh smites you!
The orc moves out of view.
An orc and an orc priest come into view.
The orc priest moves out of view.
There is an open door here.
The orc shouts! x2
The orc priest invokes the aid of Beogh against you.
Beogh smites you!
Ouch! That really hurt!
* * * LOW HITPOINT WARNING * * *
The orc priest mumbles some strange prayers to Beogh against you.
Beogh smites you!
Ouch! That really hurt!
You die...

#.. .a# #.. #..##.
##.##### #..... #......#
#....##......# .
.#..O.#$......# ..
.....)........# ...
..oo....@.....########...
o.o.....######...........
.o....#'#######'.........
..... ##...#...#.........
.... #.>.#.>.##........
#.. #...#... #'###+### #.
##########......# +
#...#...##......#
#.∩.#.>.##......#


You could see an ogre, a worker ant (wandering), 2 orc priests and 2 orcs.

Vanquished Creatures
  A centaur skeleton (D:4)
  Crazy Yiuf (D:2)
  Terence (D:3)
  2 orc wizards (D:3)
  2 worker ants (D:4)
  A hound skeleton (D:4)
  4 adders
  2 oozes
  A worm (D:3)
  2 dart slugs (D:2)
  3 leopard geckos (D:1)
  7 orcs
  4 giant cockroaches
  5 goblins
  6 hobgoblins
  7 jackals
  5 kobolds
  A quokka (D:4)
  13 bats
  8 frilled lizards
  A quokka skeleton (D:3)
  7 rats
84 creatures vanquished.

Notes
Turn   | Place    | Note
-------+----------+-------------------------------------------
     0 | D:1      | equalderp2856 the Felid Fighter began the quest for the Orb.
     0 | D:1      | Reached XP level 1. HP: 10/10 MP: 2/2
   582 | D:1      | Reached XP level 2. HP: 13/14 MP: 3/3
  1539 | D:2      | Found an ancient bone altar of Kikubaaqudgha.
  1551 | D:2      | Reached XP level 3. HP: 17/17 MP: 4/4
  1566 | D:2      | Found a hide-covered altar of Uskayaw.
  1679 | D:2      | Found a runed door.
  2252 | D:2      | Noticed Crazy Yiuf
  2256 | D:2      | Killed Crazy Yiuf
  2256 | D:2      | Reached skill level 1 in Stealth
  2256 | D:2      | Reached XP level 4. HP: 21/21 MP: 5/5
  2332 | D:3      | Reached skill level 5 in Unarmed Combat
  2465 | D:3      | Found a faded altar of an unknown god.
  3010 | D:3      | Noticed Terence
  3060 | D:3      | Killed Terence
  3060 | D:3      | Reached skill level 5 in Dodging
  3496 | D:3      | Reached XP level 5. HP: 24/24 MP: 6/6
  4066 | D:4      | Noticed an ogre
  4714 | D:3      | Slain by a hound
  4715 | D:3      | Reached XP level 4. HP: 0/21 MP: 5/5
  4943 | D:4      | Reached skill level 6 in Unarmed Combat
  4989 | D:4      | Reached XP level 5. HP: 12/24 MP: 6/6
  5148 | D:4      | Noticed an ogre
  5705 | D:5      | Entered Level 5 of the Dungeon
  5713 | D:5      | Found a sand-covered staircase.
  5749 | D:5      | Noticed an ogre
  5754 | D:5      | HP: 1/24 [orc priest/divine providence (12)]
  5755 | D:5      | Killed from afar by an orc priest

Skill      XL: |  1  2  3  4  5 |
---------------+----------------+-----
Stealth        | 1 2 |  2.7
Unarmed Combat | 6 |  6.3
Dodging        | 5 |  5.7
Fighting       | |  3.3

Action                   |  1- 3 |  4- 6 || total
-------------------------+-------+-------++-------
Melee: Unarmed           |   110 |   189 ||   299
       Bite              |     9 |    16 ||    25
       Punch             |     1 |     5 ||     6
  Use: Scroll            |       |     2 ||     2
       Potion            |       |     2 ||     2
 Stab: Sleeping          |     5 |     2 ||     7
  Eat: Chunk             |    10 |     6 ||    16
Armor: Skin              |     8 |     3 ||    11
Dodge: Dodged            |   100 |   153 ||   253
